 Dungeon Crawl Stone Soup version 0.26-a0-812-g31a745ddcd (webtiles) character file.

Game seed: 2054522330562708258

354 kae the Ruffian (level 6, 0/50 HPs)
             Began as a Draconian Transmuter on Dec 2, 2020.
             Killed by nerve-wracking pain
             ... invoked by an orc priest
              (14 damage)
             ... on level 3 of the Dungeon.
             The game lasted 00:02:27 (3482 turns).

kae the Ruffian (Draconian Transmuter)              Turns: 3482, Time: 00:02:28

Health: 0/50       AC:  2    Str: 13 (14) XL:     6   Next: 35%
Magic:  3/10       EV: 20    Int: 13      God:
Gold:   119        SH:  0    Dex: 15 (17) Spells: 6/10 levels left

rFire    . . .     SeeInvis .     - Unarmed
rCold    . . .     Faith    .   (shield currently unavailable)
rNeg     . . .     Spirit   .   (armour unavailable)
rPois    x         Reflect  .   (helmet currently unavailable)
rElec    .         Harm     .   (cloak currently unavailable)
rCorr    .         Rampage  .   (gloves currently unavailable)
MR       .....                  (boots currently unavailable)
Stlth    +.........             (no amulet)
HPRegen  0.16/turn              (no ring)
MPRegen  0.12/turn              (no ring)

@: spider-form (expiring)
A: tiny, unfitting armour, AC +6
a: End Transformation


You were on level 3 of the Dungeon.
You were a venomous arachnid creature.
You visited 1 branch of the dungeon, and saw 3 of its levels.

You collected 119 gold pieces.

Inventory:

Hand Weapons
 a - a +2 whip of pain (melded)
Jewellery
 h - an uncursed amulet of regeneration
Scrolls
 b - a scroll of immolation {unknown}
 c - 3 scrolls of identify {unknown}
 d - 2 scrolls of enchant armour {unknown}
 e - 2 scrolls of teleportation {unknown}
 f - a scroll of fog {unknown}
 i - a scroll of fear {unknown}
 j - 4 scrolls of amnesia {unknown}
 k - 2 scrolls of enchant weapon {unknown}
 l - a scroll of remove curse {unknown}
Potions
 g - a potion of lignification {unknown}
 m - a potion of resistance {unknown}


   Skills:
 + Level 2.7 Fighting
 + Level 2.7 Dodging
 * Level 4.4 Unarmed Combat
 + Level 2.8 Spellcasting
 * Level 4.0 Transmutations
 + Level 0.7 Poison Magic


You had 6 spell levels left.
You knew the following spells:

 Your Spells              Type           Power        Failure   Level
a - Beastly Appendage     Tmut           ##....       13%         1
b - Spider Form           Tmut/Pois      #.........   47%         3

Your spell library contained the following spells:

 Spells                   Type           Power        Failure   Level
 Wereblood                Tmut           ##......     19%         2
 Ice Form                 Ice/Tmut       #.......     86%         4
 Blade Hands              Tmut           ##........   90%         5


Dungeon Overview and Level Annotations

Branches:
Dungeon (3/15)

Altars:
Trog


Innate Abilities, Weirdness & Mutations

((Your plain brown scales are hard. (AC +6)))
You cannot fit into any form of body armour.
((You are cold-blooded and may be slowed by cold attacks.))


Message History

Things that are here:
a +0 short sword of speed; a +0 scale mail; an orc corpse You hit the goblin.
You kill the goblin!
You feel your strength returning.
The leopard gecko bites you but does no damage.
An orc priest comes into view. It is wielding a +0 trident.
The orc priest shouts!
The leopard gecko misses you.
Casting: Spider Form (dangerous; 26% risk of failure)
Confirm with . or Enter, or press ? or * to list all spells.
You turn into a venomous arachnid creature.
Your +2 whip of pain melds into your body.
Your transformation is almost over.
The leopard gecko completely misses you.
The leopard gecko closely misses you. The orc priest barely misses you.
The orc priest calls down the wrath of Beogh upon you.
Pain shoots through your body!
You die...

.# .#. #.# #.## #.. #.# #..
... ..# #.# #.# ..#.. #.# #.#
... #.# #.# #.# #.# #)# #.#
#.# #.# #o# ### #.####.####
#s# ..# ..........# #.# #.#
#..###.##.# #l# #.#
#..###.##.######)# #.#
#..............))#.######.##
..........######.#.........##
#..###...........########...##
#..####...######.# ##...#.##
..........# #.# ##.#..##.##


You could see an orc priest and a leopard gecko.

Vanquished Creatures
  2 orc priests (D:3)
  2 orc wizards (D:3)
  Natasha (thrice) (D:3)
  4 gnolls (D:3)
  3 adders
  2 oozes
  2 worms (D:3)
  2 dart slugs (D:3)
  3 leopard geckos
  9 orcs
  5 giant cockroaches
  8 goblins
  5 hobgoblins
  4 jackals
  2 ball pythons
  3 bats
  3 frilled lizards
  10 kobolds
  8 rats
80 creatures vanquished.

Notes
Turn   | Place    | Note
-------+----------+-------------------------------------------
     0 | D:1      | kae the Draconian Transmuter began the quest for the Orb.
     0 | D:1      | Reached XP level 1. HP: 16/16 MP: 3/3
    88 | D:1      | Reached XP level 2. HP: 3/23 MP: 3/5
   861 | D:1      | Reached XP level 3. HP: 27/28 MP: 6/6
   866 | D:1      | Learned a level 3 spell: Spider Form
  2039 | D:3      | Reached XP level 4. HP: 27/36 MP: 4/7
  2299 | D:3      | Noticed Natasha
  2310 | D:3      | Killed Natasha
  2310 | D:3      | Reached XP level 5. HP: 6/41 MP: 0/8
  2665 | D:3      | Noticed Natasha
  2686 | D:3      | Killed Natasha
  2986 | D:3      | Noticed Natasha
  2995 | D:3      | Killed Natasha
  3048 | D:3      | Found a bloodstained altar of Trog.
  3086 | D:3      | Reached XP level 6. HP: 37/50 MP: 5/10
  3482 | D:3      | Killed from afar by an orc priest

Illustrated notes

Levels and vault maps discovered:
D:1:      zelgadis_glass_arrival_small, layout_rooms
D:2:      layout_rooms
D:3:      layout_loops_ring, portal_sewer_entry_a, trog_three_pillars_becter,
          uniq_natasha

Skill      XL: |  1  2  3  4  5  6 |
---------------+-------------------+-----
Dodging        | 2 |  2.7
Transmutations | 3 4 |  4.0
Fighting       | 2 |  2.7
Unarmed Combat | 4 |  4.4
Spellcasting   | |  2.8
Poison Magic   | |  0.7

Action                   |  1- 3 |  4- 6 || total
-------------------------+-------+-------++-------
Melee: Unarmed           |    39 |    78 ||   117
       Kick              |    11 |     2 ||    13
       Headbutt          |     3 |     2 ||     5
       Whip              |    87 |    98 ||   185
       Tailslap          |     9 |     5 ||    14
       Punch             |     2 |     3 ||     5
 Cast: Beastly Appendage |    22 |     6 ||    28
       Spider Form       |     1 |    10 ||    11
  Use: Potion            |       |     5 ||     5
Armor: Skin              |    43 |    29 ||    72
Dodge: Dodged            |   131 |   145 ||   276

Table legend: (Time is in decaauts)
 A = Elapsed time spent in this place.
 B = Non-inter-level travel time spent in this place.
 C = Inter-level travel time spent in this place.
 D = Time resting spent in this place.
 E = Time spent auto-exploring this place.
 F = Levels seen in this place.
 G = Mean time per level.
                   A        B        C        D        E       F      G
               +--------+--------+--------+--------+--------+-----+--------+
         Total |   3501 |   3456 |     45 |    660 |   2152 |   3 | 1167.0 |
       Dungeon |   3501 |   3456 |     45 |    660 |   2152 |   3 | 1167.0 |
               +--------+--------+--------+--------+--------+-----+--------+

Top non-repeatable levels by time:
     D:3: 1489 daAuts
     D:2: 1112 daAuts
     D:1: 898 daAuts
